 Dungeon Crawl Stone Soup version 0.31-a0-234-gad7ace16ef (webtiles) character file.

Game seed: 10925793857466993183

16 qw the Shooter (level 2, -1/16 HPs)
             Began as a Gargoyle Hexslinger on July 9, 2023.
             Slain by Terence
             ... wielding a +0 hand axe
              (6 damage)
             ... on level 1 of the Dungeon.
             The game lasted 00:00:15 (692 turns).

qw the Shooter (Gargoyle Hexslinger)                 Turns: 692, Time: 00:00:16

Health: -1/16      AC:  7    Str: 11    XL:     2   Next: 54%
Magic:  3/3        EV: 10    Int: 13    God:
Gold:   20         SH:  0    Dex: 12    Spells: 2/3 levels left

rFire   . . .        Y - +1 sling
rCold   . . .        (no shield)
rNeg    + . .        g - +0 ring mail
rPois   inf          (no helmet)
rElec   +            (no cloak)
rCorr   .            (no gloves)
SInv    .            (no boots)
Will    .....        (no amulet)
Stlth   +            (no ring)
HPRegen 0.22/turn    (no ring)
MPRegen 0.08/turn

%: no passive effects
@: no status effects
A: sickness immunity, AC +2, negative energy resistance 1, electricity
resistance, torment resistance 1, petrification resistance
a: no special abilities


You were on level 1 of the Dungeon.
You visited 1 branch of the dungeon, and saw 2 of its levels.

You collected 20 gold pieces.


Innate Abilities, Weirdness & Mutations

You are immune to sickness and miasma.
Your stone body is resilient. (AC +2)
You are immune to poison.
You resist negative energy. (rN+)
You are resistant to electric shocks. (rElec)
You are resistant to unholy torment.
You are immune to petrification.


   Skills:
 + Level 1.3 Fighting
 - Level 3.0 Ranged Weapons
 - Level 1.5 Dodging
 - Level 1.0 Spellcasting
 - Level 2.6 Hexes


You had 2 spell levels left.
You knew the following spells:

 Your Spells              Type           Power      Damage    Failure   Level
a - Slow                  Hex            28%        N/A       22%         1

Your spell library contained the following spells:

 Spells                   Type           Power      Damage    Failure   Level
 Inner Flame              Hex/Fire       4%         N/A       75%         3
 Portal Projectile        Hex/Tloc       8%         N/A       75%         3
 Cause Fear               Hex            3%         N/A       92%         4

Inventory:

Hand Weapons
 Y - a +1 sling (weapon)
Armour
 g - a +0 ring mail (worn)

Dungeon Overview and Level Annotations

Branches:
Dungeon (2/15)

Altars:

Annotations:
D:1 Terence


Message History

The sling bullet hits Terence but does no damage.
Terence is lightly wounded.
Terence hits you but does no damage. Terence closely misses you.
You shoot a sling bullet. The sling bullet hits Terence!
Terence is heavily wounded.
Terence hits you with a +0 hand axe.
You shoot a sling bullet.
The sling bullet closely misses Terence.
The hobgoblin hits you but does no damage.
Terence misses you. The hobgoblin closely misses you.
Terence hits you but does no damage.
You shoot a sling bullet.
The sling bullet closely misses Terence.
A rat comes into view.
The hobgoblin completely misses you. Terence hits you with a +0 hand axe.
687 ||| STAIRDANCE The hobgoblin barely misses you.
Terence hits you but does no damage.
You climb upwards.
There is a stone staircase leading down here.
Enter note:
Enter note:
Enter note:
Enter note: You shoot a sling bullet.
The sling bullet barely misses Terence.
The hobgoblin barely misses you. Terence hits you with a +0 hand axe.
You shoot a sling bullet.
The sling bullet closely misses Terence.
The hobgoblin hits you. Terence closely misses you.
The hobgoblin hits you but does no damage.
Terence hits you but does no damage.
You shoot a sling bullet. The sling bullet hits Terence!
Terence is severely wounded.
The hobgoblin closely misses you. Terence misses you.
You shoot a sling bullet. The sling bullet hits Terence.
Terence is almost dead.
The hobgoblin hits you but does no damage.
Terence barely misses you.
The hobgoblin hits you but does no damage.
Terence hits you with a +0 hand axe.
You die...

#......# ### #......#####..
#..........'.. ###
####.....###..
#.######.#######..
#.#...............
#.......[#######.#
#.g.###.########.#
#@................
#####@#.......######.#
#.....#%###.#.######.#
#.###..............#+# #.#
#.#.###.#.##......
#######.###.#.###.#.##......
#...........#.##.....#......
###########.#.##..#..(......
#.#.##..##.#######


You could see Terence and a hobgoblin.

Vanquished Creatures
  3 ball pythons (D:1)
  An endoplasm (D:1)
  A giant cockroach (D:1)
  2 goblins (D:1)
  2 hobgoblins (D:1)
  4 bats (D:1)
  A kobold (D:1)
14 creatures vanquished.

Notes
Turn   | Place    | Note
-------+----------+-------------------------------------------
     0 | D:1      | qw the Gargoyle Hexslinger began the quest for the Orb.
     0 | D:1      | Reached XP level 1. HP: 12/12 MP: 2/2
     0 | D:1      | 0 ||| qw: Version: 0.3-a-51-g015441d
     0 | D:1      | 0 ||| qw: Game counter: 4338
     0 | D:1      | 0 ||| qw: Melee chars always use a shield: true
     0 | D:1      | 0 ||| qw: God list: Okawaru
     0 | D:1      | 0 ||| qw: Allow faded altars: false
     0 | D:1      | 0 ||| qw: Do Orc after clearing Dungeon:15 true
     0 | D:1      | 0 ||| qw: Do second Lair branch before Depths: true
     0 | D:1      | 0 ||| qw: Lair rune preference: random
     0 | D:1      | 0 ||| qw: Goals: Normal
     0 | D:1      | 0 ||| PLANNING D:1-11
   208 | D:1      | Reached XP level 2. HP: 16/16 MP: 3/3
   474 | D:1      | Reached skill level 3 in Ranged Weapons
   616 | D:1      | 616 ||| UPGRADING to +0 ring mail.
   626 | D:1      | 626 ||| DROPPING +0 robe.
   627 | D:1      | 627 ||| READING scroll labelled SEAQEG VIWENIS.
   628 | D:1      | 628 ||| READING scroll labelled UNU OTZUNY.
   629 | D:1      | 629 ||| READING scroll labelled KUSI LIAPHYSE.
   630 | D:1      | 630 ||| DROPPING scroll of poison.
   680 | D:2      | Noticed Terence
   687 | D:2      | 687 ||| STAIRDANCE
   690 | D:1      | HP: 4/16 [hobgoblin (2)]
   692 | D:1      | Slain by Terence

Levels and vault maps discovered:
D:1:      dpeg_arrival_boxes_within_box, layout_basic
D:2:      layout_loops_ring, minmay_bisected, uniq_terence

Skill      XL: |  1  2 |
---------------+-------+-----
Ranged Weapons | 3 |  3.0
Fighting       | |  1.3
Dodging        | |  1.5
Spellcasting   | |  1.0
Hexes          | |  2.6

Action                     || total
---------------------------++-------
   Fire: Sling             ||    62
    Use: Scroll            ||     3
 Armour: Robe              ||     8
         Ring mail         ||     8
  Dodge: Dodged            ||    31

Table legend:
 A = Non-vault XP
 B = Vault XP
 C = Vault XP percentage of total XP
 D = Non-vault monster count
 E = Vault monster count
 F = Vault count percentage of total count
                 A         B        C        D         E       F
            +---------+---------+-------+---------+---------+-------
      Total |      23 |       0 |   0.0 |      14 |       0 |   0.0
            +---------+---------+-------+---------+---------+-------
        D:1 |      23 |       0 |   0.0 |      14 |       0 |   0.0
            +---------+---------+-------+---------+---------+-------
